 Dungeon Sprint DCSS version 0.27-a0-1081-ge8a0a9c698 (webtiles) character file.

Game seed: 15733428245913720122

325 mhtbhm the Arsonist (level 6, -6/30 (32) HPs)
             Began as a Deep Elf Fire Elementalist on Apr 25, 2021.
             Was a Priest of Vehumet.
             Mangled by a dread lich (17 damage)
             ... in the Dungeon (Sprint V: "Ziggurat Sprint").
             The game lasted 00:02:13 (180 turns).

mhtbhm the Arsonist (Deep Elf Fire Elementalist)     Turns: 180, Time: 00:02:13

HP:   -6/30 (32)    AC:  5    Str:  5    XL:     6   Next: 24%
MP:   12/20         EV: 14    Int: 34    God:    Vehumet [***...]
Gold: 0             SH:  0    Dex: 15    Spells: 7/23 levels left

rFire    + . .     SeeInvis .   C - +8 lance "Wyrmbane" {slay drac, rPois rF+ rC+ AC+3}
rCold    + . .     Faith    .   (no shield)
rNeg     . . .     Spirit   .   a - +0 robe
rPois    +         Reflect  .   (no helmet)
rElec    .         Harm     .   (no cloak)
rCorr    .         Rampage  .   (no gloves)
Will     .....     NoTele   +   (no boots)
Stlth    +++.......             (no amulet)
HPRegen  0.10/turn              u - +6 ring of intelligence
MPRegen  0.17/turn              v - +6 ring of intelligence

@: drained
A: no striking features
a: Renounce Religion


You were in the Dungeon.
You worshipped Vehumet.
Vehumet was most pleased with you.
You visited 1 branch

Inventory:

Hand Weapons
 C - the +8 lance "Wyrmbane" (weapon) {slay drac, rPois rF+ rC+ AC+3}
   (You found it in the Dungeon)

   It affects your AC (+3).
   It protects you from fire.
   It protects you from cold.
   It protects you from poison.
Armour
 a - a +0 robe (worn)
Jewellery
 u - a +6 ring of intelligence (left hand)
 v - a +6 ring of intelligence (right hand)
Wands
 y - a wand of mindburst (7)
 A - a wand of acid (5)
Scrolls
 h - 4 scrolls of blinking
 m - 4 scrolls of amnesia
 n - 7 scrolls of fog
 o - a scroll of holy word
 p - 5 scrolls of identify
 q - 2 scrolls of fear
Potions
 b - 2 potions of brilliance
 c - 10 potions of curing
 d - 10 potions of heal wounds
 e - 6 potions of haste
 f - 7 potions of magic
 g - 3 potions of berserk rage
 i - 2 potions of invisibility
 j - 4 potions of resistance
 k - a potion of experience
 l - 5 potions of might
Miscellaneous
 B - a lightning rod (4/4)


   Skills:
 - Level 4.5 Dodging
 - Level 4.3 Stealth
 + Level 9.0 Spellcasting
 + Level 2.0 Conjurations
 + Level 11.4 Fire Magic
 + Level 2.9 Evocations


You had 7 spell levels left.
You knew the following spells:

 Your Spells              Type           Power      Damage    Failure   Level
a - Foxfire               Conj/Fire      100%       2x1d9     1%          1
b - Conjure Flame         Conj/Fire      57%        6-21      1%          3
c - Inner Flame           Hex/Fire       52%        N/A       1%          3
d - Sticky Flame          Conj/Fire      57%        2d7       1%          4
e - Fireball              Conj/Fire      28%        3d12      1%          5

Your spell library contained the following spells:

 Spells                   Type           Power      Damage    Failure   Level
 Magic Dart               Conj           100%       1d8       1%          1


Dungeon Overview and Level Annotations

Branches:
Dungeon (1/1)

Altars:
Ashenzari
Cheibriados
Dithmenos
Elyvilon
Fedhas
Gozag
Hepliaklqana
Kikubaaqudgha
Makhleb
Nemelex Xobeh
Okawaru
Qazlal
Ru
Sif Muna
Trog
Uskayaw
Vehumet
Wu Jian
Xom
Yredelemnul
Zin
The Shining One
Beogh
Jiyva
Lugonu

Annotations:
D 1 transporter


Message History

The dread lich flickers and vanishes!
Deactivating autopickup; reactivate with Ctrl-A.
Your Spellcasting skill increases to level 9!
Your Conjurations skill increases to level 2!
Unknown command.
Unknown command.
Unknown command.
Aiming: Iceblast
Press: ? - help, Shift-Dir - straight line The mass of ice explodes!
The iceblast engulfs something!
The iceblast engulfs the iron imp.
The iron imp partially resists.
The iron imp is almost dead.
The now-empty wand crumbles to dust.
Unknown command.
Unknown command.
Unknown command.
Unknown command.
You don't have any such object.
Evoke which item? (* to show all) (? for menu, Esc to quit)
You don't have any such object.
Evoke which item? (* to show all) (? for menu, Esc to quit)
Okay, then.
Aiming: Corrosive Bolt
Press: ? - help, Shift-Dir - straight line The bolt of acid hits something!
You hear some strange, mumbled words.
You suddenly lose the ability to move!
Something touches you!
You feel drained.
You hear some strange, mumbled words.
You shrug off the repeated paralysis!
The iron imp hits you. Something touches you.
You can move again.
Unknown command.
Unknown command.
Unknown command.
Aiming: Corrosive Bolt
Press: ? - help, Shift-Dir - straight line Something touches you!
Ouch! That really hurt!
You die...

▓..©..▓..©..▓▓▓▓▓▓▓
▓▓▓▓▓▓▓▓▓▓▓▓▓▓
▓..8©8...▓
▓..}:[...▓
▓...:....▓
▓........▓
........▓
▓.▓5...▓.▓
▓...@....▓
▓▓▓▓▓▓▓▓▓▓


You could see an iron imp.

Vanquished Creatures
  A hell hound (D)
  A necrophage (D)
  A phantom (D)
  A crimson imp (D)
  2 adders (D)
  An ufetubus (D)
  An adder skeleton (D)
  2 bat skeletons (D)
  A ball python zombie (D)
11 creatures vanquished.

Vanquished Creatures (others)
  3 foxfires (D)
3 creatures vanquished.

Grand Total: 14 creatures vanquished

Notes
Turn   | Place    | Note
-------+----------+-------------------------------------------
     0 | D        | mhtbhm the Deep Elf Fire Elementalist began the quest for
                  | the Orb.
     0 | D        | Reached XP level 1. HP: 10/10 MP: 6/6
     0 | D        | Found a shimmering blue altar of Sif Muna.
     0 | D        | Found a bloodstained altar of Trog.
     0 | D        | Found a sacrificial altar of Ru.
     0 | D        | Found a stormy altar of Qazlal.
     0 | D        | Found an iron altar of Okawaru.
     1 | D        | Found a sparkling altar of Nemelex Xobeh.
     1 | D        | Found a blossoming altar of Fedhas.
     2 | D        | Found the +6 Majin-Bo {vamp, MP+6 Int+6}
     2 | D        | Found the +9 heavy crossbow "Sniper" {vorpal, Acc+∞ SInv}
     2 | D        | Found the +10 dark maul {vorpal}
     2 | D        | Found the +15 Maxwell's patent armour {-Cast -Tele rElec
                  | Will+ rCorr}
     2 | D        | Found the +18 shield of the Gong {rElec rN+ Will+ EV-5}
     2 | D        | Found the +14 obsidian axe {vorpal, Drain Fly SInv}
     2 | D        | Found the +7 great mace "Firestarter" {inner flame, rF++}
     2 | D        | Found the +6 shillelagh "Devastator" {shatter}
     2 | D        | Found the +11 plutonium sword {Contam Stlth-}
     2 | D        | Found the +8 lance "Wyrmbane" {slay drac, rPois rF+ rC+
                  | AC+3}
     2 | D        | Found the +9 sword of Zonguldrok {reap}
     2 | D        | Found the +13 scythe of Curses {drain, Drain}
     2 | D        | Found the +5 sword of Power {vorpal}
     2 | D        | Found the +7 mace of Variability {chain chaos}
     2 | D        | Found the +7 Singing Sword {vorpal, sonic wave}
     2 | D        | Found the +8 storm bow {elec, penet}
     3 | D        | Found a transporter.
     3 | D        | Found an ancient bone altar of Kikubaaqudgha.
     3 | D        | Found a viscous altar of Jiyva.
     3 | D        | Found a corrupted altar of Lugonu.
     3 | D        | Found a hazy altar of Hepliaklqana.
     3 | D        | Found a burning altar of Makhleb.
     3 | D        | Found an opulent altar of Gozag.
    47 | D        | Became a worshipper of Vehumet
    67 | D        | Entered arena 2.
    67 | D        | Found a transporter.
    69 | D        | Reached skill level 5 in Fire Magic
    69 | D        | Reached XP level 2. HP: 15/15 MP: 7/9
    91 | D        | Entered arena 3.
    91 | D        | Noticed a hell hound
    91 | D        | Found a transporter.
    92 | D        | Reached * piety under Vehumet
    92 | D        | Offered knowledge of Magic Dart by Vehumet.
    94 | D        | Reached skill level 5 in Spellcasting
    94 | D        | Killed a hell hound
    95 | D        | Reached skill level 8 in Fire Magic
    95 | D        | Reached skill level 1 in Evocations
    95 | D        | Reached XP level 3. HP: 19/19 MP: 10/13
    95 | D        | Reached XP level 4. HP: 24/24 MP: 10/14
   132 | D        | Learned a level 3 spell: Conjure Flame
   136 | D        | Learned a level 3 spell: Inner Flame
   142 | D        | Learned a level 4 spell: Sticky Flame
   144 | D        | Entered arena 4.
   144 | D        | Noticed a necrophage
   144 | D        | Noticed a phantom
   144 | D        | Found a transporter.
   145 | D        | Reached ** piety under Vehumet
   146 | D        | Killed a necrophage
   147 | D        | Reached skill level 10 in Fire Magic
   147 | D        | Reached XP level 5. HP: 28/28 MP: 14/17
   151 | D        | Killed a phantom
   151 | D        | Reached *** piety under Vehumet
   152 | D        | Reached skill level 11 in Fire Magic
   152 | D        | Reached XP level 6. HP: 31/32 MP: 15/19
   158 | D        | Learned a level 5 spell: Fireball
   164 | D        | Got the amulet of Vegraf {Acrobat rC- rN+ Dex+2}
   172 | D        | Entered arena 5.
   172 | D        | Noticed a dread lich
   172 | D        | Found a transporter.
   177 | D        | Paralysed by something for 3 turns
   180 | D        | Mangled by a dread lich

Illustrated notes

Levels and vault maps discovered:
D:        sprint_v [room_start, room_1, room_2, room_3, room_4, room_5, room_6,
          room_7, room_8, room_9, room_10, room_11, room_12, room_13, room_14,
          room_15, room_16, room_17, room_18, room_19, room_20, room_21,
          room_22, room_23, room_24, room_25, room_26, room_27]

Skill      XL: |  1  2  3  4  5  6 |
---------------+-------------------+-----
Dodging        | 3 4 |  4.5
Stealth        | 3 4 |  4.3
Spellcasting   | 4 6 8 9 |  9.0
Fire Magic     | 5 8 10 11 | 11.4
Evocations     | 1 2 |  2.9
Conjurations   | 2 |  2.0

Action                   |  1- 3 |  4- 6 || total
-------------------------+-------+-------++-------
 Cast: Foxfire           |       |     2 ||     2
       Fireball          |       |     2 ||     2
Evoke: Wand              |     3 |     6 ||     9
       Lightning rod     |     1 |     1 ||     2
Dodge: Dodged            |       |     2 ||     2

Table legend: (Time is in decaauts)
 A = Elapsed time spent in this place.
 B = Non-inter-level travel time spent in this place.
 C = Inter-level travel time spent in this place.
 D = Time resting spent in this place.
 E = Time spent auto-exploring this place.
 F = Levels seen in this place.
 G = Mean time per level.
                   A        B        C        D        E       F      G
               +--------+--------+--------+--------+--------+-----+--------+
         Total |    178 |    178 |      0 |     49 |      0 |   1 |  178.0 |
       Dungeon |    178 |    178 |      0 |     49 |      0 |   1 |  178.0 |
               +--------+--------+--------+--------+--------+-----+--------+

Top non-repeatable levels by time:
       D: 178 daAuts
